 Dungeon Crawl Stone Soup version 0.29.1-15-g9cfb28693d (webtiles) character file.

Game seed: 11138413313628041683

167402341 enPassant the Archmage (level 27, 230/262 (264) HPs)
             Began as a Meteoran Earth Elementalist on Sept 9, 2023.
             Was the Champion of Cheibriados.
             Escaped with the Orb
             ... and 15 runes on Sept 13, 2023!
             The game lasted 08:55:58 (8471 turns).

enPassant the Archmage (MeEE)                       Turns: 8471, Time: 08:55:58

HP:   230/262 (264) AC: 21    Str: 29    XL:     27
MP:   46/55         EV: 46    Int: 48    God:    Cheibriados [******]
Gold: 1401          SH: 11    Dex: 36    Spells: 2/80 levels left

rFire   + + .      SeeInvis +   q - +4 flail of Doom {vamp, +Blink rPois rF+}
rCold   + + .      Faith    .   y - +3 warlock's mirror {reflect}
rNeg    . . .      Spirit   .   f - +4 leather armour "Plog" {rF+ Will+}
rPois   +          Reflect  +   O - +2 hat {SInv}
rElec   +          Harm     .   G - scarf {repulsion}
rCorr   .          Rampage  .   C - +2 pair of gloves {Dex+3}
Will    ++++.                   B - +2 pair of boots {Stlth+}
Stlth   +.........              z - amulet of magic regeneration
HPRegen 0.53/turn               t - ring of Polytheism {rElec rC+ AC+4 Int+3 Stlth+}
MPRegen 0.74/turn               p - +6 ring of intelligence

@: glowing, studying Conjurations, lightly drained, repel missiles, very slow
A: sense surroundings 3, otherworldly, glowing, explore regen, cold resistance
1, dopey 1
0: Orb of Zot
}: 15/15 runes: barnacled, slimy, silver, golden, iron, obsidian, icy, bone,
abyssal, demonic, glowing, magical, fiery, dark, gossamer
a: Renounce Religion, Evoke Blink, Bend Time, Temporal Distortion, Slouch, Step
From Time


You escaped.
You worshipped Cheibriados.
Cheibriados was exalted by your worship.
You visited 15 branches of the dungeon, and saw 81 of its levels.
You visited Pandemonium 2 times, and saw 15 of its levels.
You visited the Abyss 1 time.
You visited 1 ziggurat, and saw 22 of its levels.
You also visited: Ossuary.

You collected 2751 gold pieces.
You spent 1350 gold pieces at shops.

Inventory:

Hand Weapons
 q - the +4 flail of Doom (weapon) {vamp, +Blink rPois rF+}
   (You found it on level 5 of the Pits of Slime)

   It occasionally heals its wielder for a portion of the damage dealt when it
   wounds a living foe.
   rF:        It protects you from fire.
   rPois:     It protects you from poison.
   +Blink:    It lets you blink.
 u - a +2 trident of distortion {!w}
Missiles
 h - 2 throwing nets
 x - 2 curare-tipped darts
Armour
 f - the +4 leather armour "Plog" (worn) {rF+ Will+}
   (You found it on level 14 of a ziggurat)

   rF:        It protects you from fire.
   Will:      It increases your willpower.
 i - a +2 robe of cold resistance
 k - a +0 kite shield of fire resistance
 y - the +3 warlock's mirror (worn) {reflect}
   (You found it on level 17 of a ziggurat)

   It can block and reflect piercing ranged attacks and magical attacks against
   the wielder's willpower.
 B - a +2 pair of boots of stealth (worn)
 C - a +2 pair of gloves of dexterity (worn)
 G - a scarf of repulsion (worn)
 O - a +2 hat of see invisible (worn)
Magical Staves
 j - a staff of earth
 M - a staff of cold {rC+ !a}
 S - a staff of death {rN+ !a}
 X - a staff of fire {rF+ !a}
Jewellery
 c - the ring "Dykhoat" {Will+ rCorr}
   (You found it on level 12 of the Dungeon)

   [ring of resist corrosion]

   rCorr:     It protects you from acid and corrosion.
   Will:      It increases your willpower.
 m - a ring of protection from fire
 o - the ring "Inital" {+Blink rElec rN+ Int-4 SInv}
   (You found it on level 16 of a ziggurat)

   [ring of see invisible]

   Int:       It affects your intelligence (-4).
   rElec:     It insulates you from electricity.
   rN:        It protects you from negative energy.
   SInv:      It lets you see invisible.
   +Blink:    It lets you blink.
 p - a +6 ring of intelligence (right hand)
 t - the ring of Polytheism (left hand) {rElec rC+ AC+4 Int+3 Stlth+}
   (You found it on level 10 of a ziggurat)

   [ring of protection]

   AC:        It affects your AC (+4).
   Int:       It affects your intelligence (+3).
   rC:        It protects you from cold.
   rElec:     It insulates you from electricity.
   Stlth:     It makes you more stealthy.
 z - an amulet of magic regeneration (around neck)
 I - a ring of see invisible
 L - a ring of wizardry
 N - a +4 ring of protection
 P - the ring of Wonothithrel {rC+ Will+ Dex+3 Stlth+}
   (You found it on level 20 of a ziggurat)

   [ring of protection from cold]

   Dex:       It affects your dexterity (+3).
   rC:        It protects you from cold.
   Will:      It increases your willpower.
   Stlth:     It makes you more stealthy.
Wands
 Q - a wand of charming (1)
Scrolls
 d - 2 scrolls of amnesia
 e - a scroll of summoning {!r}
 s - 4 scrolls of butterflies
 T - 2 scrolls of enchant armour
Potions
 b - 4 potions of curing {@q2}
 n - 8 potions of mutation
 E - a potion of might {@q3}
 F - 2 potions of resistance
 K - 2 potions of lignification
 U - a potion of cancellation
 Y - a potion of flight
Miscellaneous
 a - a box of beasts
 g - a phantom mirror
 w - a phial of floods
 V - a condenser vane


   Skills:
 - Level 24.7 Fighting
 - Level 8.8 Armour
 - Level 25.5 Dodging
 - Level 1.4 Stealth
 - Level 6.3 Shields
 - Level 15.0 Unarmed Combat
 O Level 27 Spellcasting
 - Level 5.0 Conjurations
 - Level 15.0 Necromancy
 - Level 8.0 Translocations
 - Level 14.0 Transmutations
 - Level 16.0 Fire Magic
 - Level 22.0 Ice Magic
 - Level 23.0 Earth Magic
 - Level 14.3 Invocations
 + Level 7.0 Evocations


You had 2 spell levels left.
You knew the following spells:

 Your Spells              Type           Power      Damage    Failure   Level
a - Borgnjor's Vile Clut  Necr/Erth      64%        N/A       0%          5
b - Polar Vortex          Ice            67%        N/A       3%          9
c - Infestation           Necr           59%        N/A       3%          8
d - Shatter               Erth           68%        3d50*     1%          9
h - Passwall              Tmut/Erth      100%       N/A       0%          2
j - Apportation           Tloc           100%       N/A       0%          1
k - Simulacrum            Ice/Necr       63%        N/A       1%          6
l - Passage of Golubria   Tloc           96%        N/A       1%          4
m - Ignition              Fire           60%        3d16      2%          8
q - Death Channel         Necr           59%        N/A       1%          6
s - Statue Form           Tmut/Erth      84%        N/A       1%          6
z - Iron Shot             Conj/Erth      57%        9d11      1%          6
S - Necromutation         Tmut/Necr      58%        N/A       4%          8

Your spell library contained the following spells:

 Spells                   Type           Power      Damage    Failure   Level
 Foxfire                  Conj/Fire      100%       2x1d9     0%          1
 Freeze                   Ice            100%       1d11      0%          1
 Sandblast                Erth           100%       2d20      0%          1
 Ensorcelled Hibernation  Hex/Ice        100%       N/A       0%          2
 Scorch                   Fire           100%       2d10      0%          2
 Shock                    Conj/Air       100%       1d9       1%          1
 Poisonous Vapours        Pois/Air       100%       N/A       1%          2
 Conjure Flame            Conj/Fire      100%       6-21      0%          3
 Frozen Ramparts          Ice            100%       1d16      0%          3
 Ignite Poison            Fire/Tmut/Pois 100%       N/A       0%          3
 Stone Arrow              Conj/Erth      100%       3d13      0%          3
 Animate Dead             Necr           100%       N/A       0%          4
 Hailstorm                Conj/Ice       100%       3d20      0%          4
 Ice Form                 Ice/Tmut       100%       N/A       0%          4
 Petrify                  Tmut/Erth      100%       N/A       0%          4
 Agony                    Necr           100%       N/A       0%          5
 Lee's Rapid Deconstruct  Erth           68%        3d32*     0%          5
 Inner Flame              Hex/Fire       96%        N/A       1%          3
 Portal Projectile        Hex/Tloc       100%       N/A       1%          3
 Spider Form              Tmut/Pois      93%        N/A       1%          3
 Summon Guardian Golem    Hex/Summ       59%        N/A       1%          3
 Swiftness                Air            59%        N/A       1%          3
 Teleport Other           Tloc           96%        N/A       1%          3
 Tukima's Dance           Hex            59%        N/A       1%          3
 Anguish                  Hex/Necr       47%        N/A       1%          4
 Corpse Rot               Necr/Pois/Air  85%        N/A       1%          4
 Flame Wave               Conj/Fire      100%       2d21      1%          4
 Fulminant Prism          Conj/Hex       36%        3d18      1%          4
 Iskenderun's Mystic Bla  Conj/Tloc      91%        2d18      1%          4
 Leda's Liquefaction      Hex/Erth       54%        N/A       1%          4
 Sticky Flame             Conj/Fire      100%       2d11      1%          4
 Alistair's Intoxication  Tmut/Pois      62%        N/A       1%          5
 Blade Hands              Tmut           57%        N/A       1%          5
 Freezing Cloud           Conj/Ice/Air   50%        6-21      1%          5
 Irradiate                Conj/Tmut      51%        3d28      1%          5
 Iskenderun's Battlesphe  Conj           85%        2d13      1%          5
 Yara's Violent Unravell  Hex/Tmut       46%        3d18      1%          5
 Dragon Form              Tmut           57%        N/A       1%          7
 Ozocubu's Refrigeration  Ice            67%        4d22      1%          7
 Airstrike                Air            29%        2d(5-21)  2%          4
 Olgreb's Toxic Radiance  Pois           59%        N/A       2%          4
 Eringya's Noxious Bog    Tmut/Pois      46%        N/A       2%          6
 Borgnjor's Revivificati  Necr           59%        N/A       3%          8
 Lehudib's Crystal Spear  Conj/Erth      57%        10d13     5%          8
 Summon Mana Viper        Hex/Summ       59%        N/A       7%          5
 Haunt                    Necr/Summ      47%        N/A       10%         7
 Conjure Ball Lightning   Conj/Air       36%        3x3d12    14%         6
 Summon Cactus Giant      Summ           29%        N/A       36%         6
 Death's Door             Necr           59%        N/A       47%         9
 Spellforged Servitor     Conj/Summ      36%        N/A       58%         7
 Summon Hydra             Summ           29%        N/A       91%         7
 Fire Storm               Conj/Fire      52%        8d13      98%         9
 Chain Lightning          Conj/Air       36%        3d48      100%        9


Dungeon Overview and Level Annotations

Branches:
Dungeon (15/15)            Temple (0/1) D:5            Lair (5/5) D:10
 Shoals (4/4) Lair:2       Spider (4/4) Lair:2        Slime (5/5) Lair:5
    Orc (0/2) D:9          Vaults (5/5) D:14          Crypt (3/3) Vaults:2
   Tomb (3/3) Crypt:3      Depths (4/4) D:15           Hell (visited)
    Dis (7/7) Hell            Geh (7/7) Hell            Coc (7/7) Hell
    Tar (7/7) Hell            Zot (5/5) Depths:4    Ossuary (visited)

Altars:
Cheibriados
Kikubaaqudgha
Vehumet
Wu Jian
Yredelemnul
Jiyva

Shops:
D:2 [   D:3 (   D:15 *   Vaults:2 (   Vaults:4 (   Vaults:5 (   Depths:2 =:=

Portals:
Hell: Depths:1 Depths:3
Pandemonium: Depths:2

Annotations:
D:2 1 exclusion
D:3 1 exclusion
D:9 Joseph
D:11 1 transporter, 2 exclusions
D:12 2 exclusions
Lair:1 1 runed translucent door
Vaults:5 Mennas
Depths:2 1 exclusion
Depths:4 1 exclusion
Hell Geryon
Dis:1 8 runed doors
Dis:7 1 exclusion
Coc:7 Antaeus
Tar:7 Ereshkigal, Serpent of Hell


Innate Abilities, Weirdness & Mutations

You passively map a large area around you.
You are easily found by Zot.
You glow in the dark.
You regain HP and MP as you explore.
Your flesh is cold resistant. (rC+)
You are dopey. (Int -2)


Message History

The bolt of fire hits the sun demon.
The sun demon completely resists.
Your +3 warlock's mirror {reflect} reflects the bolt of fire!
The bolt of fire hits the balrug.
The balrug completely resists.
Your Evocations skill increases to level 7!
Blink to where?
Press: ? - help, Dir - move target
As you read the scroll of blinking {@r4}, it crumbles to dust.
Casting: Shatter (mildly dangerous; 1% risk of failure)
Confirm with . or Enter, or press ? or * to list all spells.
Aiming: Passage of Golubria (safe; 1% risk of failure)
Press: ? - help, Dir - move target The Orb disrupts the stability of your passage!
The balrug gestures at you. Something smites you! The balrug gestures at you.
The bolt of fire hits you! You resist.
You enter the passage of Golubria.
There is a passage of Golubria here.
Unknown command.
The balrug gestures at you. Something smites you!
You block the sun demon's attack. You block the sun demon's attack.
Your passage of Golubria closes with a snap!
There is a staircase leading out of the dungeon here.
Are you sure you want to abandon this character and quit the game? (Confirm with "yes".)
Okay, then.
Unknown command.
Unknown command.
Are you sure you want to abandon this character and quit the game? (Confirm with "yes".)
Okay, then.
Unknown command.
Unknown command.
Unknown command.
Unknown command.
The balrug hits you with a +2 demon whip of draining.
You are engulfed in flames.
You resist.
You feel drained. The sun demon barely misses you.
The balrug completely misses you. The sun demon completely misses you.
You have escaped!

##.....# #.....##.#
*...... #.....##
##..)..#.# ......
#..#..#
#..#..#.###...#.#
#..#..#
#..#..#.##....).B
#.....##
##.....#.....#.#..
##.....#
#.....##....# ...
#.....###.....##.####
...
##......32...###.#**,
#...
##....#@3..####.#*
#.## ###..######....#
* .. ##........#### *
##########


You could see a balrug and 2 sun demons.

Vanquished Creatures
  the Royal Jelly (Slime:5)
  A dread lich (Zot:4)
  8 orbs of fire
  5 ancient liches
  2 juggernauts (Dis:7)
  20 royal mummies
  8 Killer Klowns
  10 pandemonium lords
  10 shard shrikes
  Margery (Depths:4)
  4 golden dragons
  3 caustic shrikes (Dis:7)
  5 bone dragons
  7 profane servitors
  10 doom hounds
  A hellephant (Geh:3)
  A shard shrike zombie (Hell)
  2 electric golems
  6 Tzitzimimeh
  3 iron giants
  3 Brimstone Fiends
  6 Hell Sentinels
  23 Ice Fiends
  4 tentacled monstrosities
  5 liches
  13 Orb Guardians
  A shard shrike skeleton (Crypt:2)
  Grunn (Depths:2)
  7 searing wretches
  9 titans
  8 tainted leviathans
  15 acid blobs
  19 Executioners
  22 ancient champions
  10 quicksilver dragons
  4 death cobs
  A shadow dragon (Zot:1)
  2 sphinxes
  Agnes (Spider:2)
  3 tentacled starspawn
  Polyphemus (Shoals:2)
  Gastronok (Lair:3)
  3 shadow dragons (shapeshifter) (Zig:20)
  11 draconian monks
  9 storm dragons
  2 nagarajas (Zig:4)
  An azure jelly (shapeshifter) (Zig:20)
  9 draconian knights
  4 narguns
  8 azure jellies
  17 fire giants
  4 demonspawn warmongers
  11 iron dragons
  6 vault wardens
  3 emperor scorpions
  4 quicksilver elementals
  A deep elf sorcerer (Zig:4)
  10 rockslimes
  13 draconian scorchers
  11 ghost moths
  13 draconian stormcallers
  8 ironbound preservers
  An orc warlord (Vaults:3)
  5 frost giants
  2 demonspawn blood saints
  20 balrugs
  3 curse skulls
  2 juggernaut zombies
  2 broodmothers
  9 draconian annihilators
  7 cacodemons
  8 ghouls
  12 shard shrike simulacra
  2 demonspawn corrupters
  11 draconian shifters
  13 very ugly things
  12 stone giants
  3 ironbound thunderhulks
  A caustic shrike skeleton (Crypt:3)
  8 reapers
  10 quicksilver oozes
  25 war gargoyles
  18 elemental wellsprings
  A juggernaut skeleton (Depths:2)
  6 bennus
  12 green draconians
  2 demonspawn black suns (Pan)
  3 entropy weavers
  2 eleionomae (Zig:19)
  11 black draconians
  14 wendigos
  15 purple draconians
  10 putrid mouths
  2 vampire knights
  A spectral titan (Tar:5)
  8 white draconians
  8 spark wasps
  7 red draconians
  10 yellow draconians
  4 lorocyprocas
  A deep elf death mage (Vaults:3)
  3 bunyips (Zig:19)
  11 green deaths
  2 crystal guardians
  6 merfolk javelineers
  10 mummy priests
  A spectral quicksilver dragon (Tar:3)
  7 fire dragons
  4 blizzard demons
  13 ettins
  8 iron golems
  2 eidola
  A jiangshi (Crypt:2)
  8 great orbs of eyes
  4 rakshasas
  A shambling mangrove (Zig:19)
  9 yaktaur captains
  10 merfolk impalers
  20 vault guards
  11 hydras
  2 peacekeepers (Vaults:3)
  11 caustic shrike simulacra
  5 spriggan air magi
  2 hell beasts
  An anaconda (Zig:7)
  3 ice dragons
  2 catoblepae
  A merfolk avatar (Shoals:4)
  6 salamander tyrants
  2 jorogumos
  8 ironbound frosthearts
  7 juggernaut simulacra
  3 stokers
  10 centaur warriors
  4 merfolk aquamancers
  A two-headed ogre (D:10)
  2 deep troll shamans
  2 death knights
  A naga warrior (Zig:7)
  2 dancing weapons (Crypt:3)
  A deep troll earth mage (Depths:1)
  2 death yaks (Shoals:2)
  8 tengu warriors
  15 death scarabs
  A death yak (shapeshifter) (Zig:20)
  3 radroaches
  A shock serpent (Zig:7)
  18 hell hogs
  A vampire mage (Crypt:2)
  A shock serpent (shapeshifter) (Zig:20)
  4 spriggan berserkers
  A thrashing horror (Abyss:4)
  A naga sharpshooter (Zig:7)
  16 hell knights
  9 soul eaters
  15 sun demons
  A deep elf knight (Zig:2)
  4 wretched stars
  A spectral storm dragon (Tar:1)
  9 crystal echidnas
  5 pharaoh ants
  8 sixfirhies
  A storm dragon zombie (Zig:17)
  A salamander mystic (Depths:2)
  4 shadow wraiths
  6 death drakes
  28 skeletal warriors
  A death drake (shapeshifter) (D:15)
  A sun moth (Zig:16)
  A spatial maelstrom (Zig:9)
  An anaconda zombie (Hell)
  A spectral anaconda (Tar:1)
  4 sea snakes
  12 deep trolls
  An orb spider (shapeshifter) (Zig:20)
  A flayed ghost (Depths:1)
  10 wizards
  A steelbarb worm (shapeshifter) (Zig:20)
  9 shadow demons
  2 anaconda skeletons
  2 goliath frogs (Zig:19)
  4 spriggan druids
  12 swamp dragons
  8 glowing orange brains
  3 lindwurms
  6 steelbarb worms
  2 bog bodies (Zig:19)
  2 orange crystal statues
  A spectral hydra (Tar:4)
  A glowing orange brain (shapeshifter) (Vaults:5)
  10 quicksilver dragon simulacra
  5 orb spiders
  Pikel (D:9)
  3 spectral wolf spiders (Spider:4)
  19 necromancers
  A harpy (shapeshifter) (D:15)
  5 phantasmal warriors
  A fenstrider witch simulacrum (Crypt:2)
  16 ironbound convokers
  3 deep elf pyromancers
  9 harpies
  2 wolf spider zombies (Spider:4)
  A sphinx zombie (Zig:5)
  A frost giant zombie (Depths:3)
  A will-o-the-wisp (Zig:19)
  4 orc knights
  15 wolf spiders
  8 ugly things
  2 worldbinders
  A fire giant zombie (Depths:2)
  2 fauns (Shoals:3)
  3 cyclopes
  4 shining eyes
  A spectral ettin (Tar:4)
  An elephant (shapeshifter) (Vaults:3)
  2 sphinx skeletons (Zig:17)
  5 manticores
  6 elephants
  A toenail golem (D:4)
  9 moths of wrath
  2 apocalypse crabs
  2 salamanders (Depths:4)
  14 black mambas
  2 water nymphs (Shoals:4)
  7 rust devils
  A cane toad (shapeshifter) (D:14)
  3 torpor snails
  3 guardian serpents
  6 merfolk sirens
  5 titan simulacra
  A guardian serpent (shapeshifter) (Vaults:5)
  4 ice statues
  3 naga magi
  4 orange demons (Pan)
  7 cane toads
  Maurice (D:9)
  An eye of devastation (shapeshifter) (Zig:20)
  10 vault sentinels
  19 hellions
  7 demonic crawlers
  11 smoke demons
  5 rime drakes (Zig:21)
  A dire elephant skeleton (Tomb:1)
  A spark wasp simulacrum (Depths:3)
  14 large abominations
  3 spectral redbacks (Spider:4)
  Psyche (D:9)
  3 komodo dragons
  16 freezing wraiths
  3 efreet
  3 golden dragon simulacra
  5 anaconda simulacra
  2 redback zombies (Spider:4)
  2 bunyip simulacra (Coc:1)
  A sea snake zombie (Hell)
  2 iron giant simulacra
  7 ice devils
  3 tengu conjurers
  24 yaktaurs
  2 sea snake skeletons (Hell)
  21 tormentors
  A polar bear (Lair:4)
  37 guardian mummies
  3 trolls
  A spectral naga (Tar:5)
  12 merfolk
  3 hellwings (Pan)
  3 spectral tarantellas (Spider:4)
  A queen bee (shapeshifter) (Spider:2)
  8 red devils
  2 spectral culicivoras (Spider:4)
  A tarantella (shapeshifter) (D:15)
  7 hornets
  2 snapping turtles (Shoals:4)
  A raiju (Zig:9)
  A shadow dragon simulacrum (Crypt:2)
  A culicivora zombie (Spider:4)
  A harpy skeleton (Pan)
  A hydra skeleton (Hell)
  15 tarantellas
  15 blink frogs
  A wind drake (Shoals:1)
  3 spectral jumping spiders (Spider:4)
  A jumping spider zombie (Spider:4)
  An iron dragon simulacrum (Coc:6)
  27 slime creatures
  2 stone giant simulacra
  2 spriggan skeletons
  A blink frog (shapeshifter) (Depths:3)
  28 flying skulls
  15 culicivoras
  3 spriggans
  13 jumping spiders
  9 starcursed masses
  7 wraiths
  7 ushabtiu
  4 ynoxinuls
  17 humans (D:14)
  12 water elementals
  2 fire bats (Depths:2)
  2 shadows
  A vampire (D:12)
  An ice dragon skeleton (Crypt:2)
  An alligator snapping turtle simulacrum (Coc:2)
  5 dire elephant simulacra
  8 wyverns
  A basilisk (Lair:3)
  4 naga simulacra
  22 yaks
  4 fire elementals (Zig:11)
  5 steam dragons (Zig:21)
  3 golden eyes
  26 redbacks
  10 chaos spawn
  4 neqoxecs
  4 vampire mosquitoes (D:12)
  3 nagas (Zig:7)
  18 harpy simulacra
  A swamp worm (shapeshifter) (Zig:20)
  2 acid dragons (Zig:21)
  6 floating eyes
  9 hell hounds
  13 water moccasins
  A water nymph zombie (Crypt:1)
  5 swamp drakes (Zig:21)
  An ice beast (Zig:1)
  2 hydra simulacra
  A demonspawn skeleton (Crypt:2)
  2 black bears
  7 spriggan simulacra
  A glowing shapeshifter skeleton (Zig:17)
  3 orc warriors
  6 ettin simulacra
  A black mamba simulacrum (Coc:1)
  2 ogres
  15 wolves
  4 boggarts (Vaults:2)
  4 centaurs
  2 kobold brigands
  11 bullfrogs
  2 necrophages (Crypt:2)
  An elf zombie (Crypt:1)
  An earth elemental (Zig:2)
  A scorpion (D:10)
  A wyvern skeleton (Crypt:1)
  6 wights
  4 killer bees (D:10)
  2 electric eels
  A gnoll bouda (D:7)
  14 jellies (Lair:5)
  6 orc priests
  A hound (D:7)
  3 iguanas (D:7)
  7 orc wizards
  30 mummies
  5 gnolls (D:7)
  2 adders
  A white imp (D:7)
  An ufetubus (D:4)
  A worm (D:3)
  A dart slug (D:4)
  10 orcs
  3 endoplasms
  A giant cockroach (D:1)
  2 goblins
  2 hobgoblins
  2 jackals (D:3)
  9 kobolds
  4 quokkas
  A ball python (D:1)
  2 bats
  2 frilled lizards (D:3)
  3 gnoll skeletons (Ossuary)
  4 kobold skeletons (Ossuary)
  10 orc skeletons (Ossuary)
  2 rats (D:3)
  A creeping inferno (Geh:4)
  4 fire vortices
  A lurking horror (Abyss:4)
  4 starspawn tentacles (Zig:9)
2187 creatures vanquished.

Vanquished Creatures (collateral kills)
  Gloorx Vloq (Pan)
  Mnoleg (Pan)
  A juggernaut (Dis:7)
  8 royal mummies
  2 Killer Klowns (Zig:20)
  4 pandemonium lords
  A caustic shrike (Dis:7)
  5 golden dragons
  A Brimstone Fiend (Zig:15)
  6 tentacled monstrosities
  An iron giant (Dis:7)
  2 Executioners (Zig:15)
  2 ancient champions
  A sphinx (Tomb:1)
  A revenant (Tomb:2)
  A fire giant (shapeshifter) (Zig:20)
  A draconian monk (Zig:18)
  2 demonspawn warmongers (Zig:15)
  2 draconian scorchers
  3 ghost moths (Zig:16)
  4 cacodemons (Pan)
  3 war gargoyles (Dis:7)
  2 draconian annihilators (Zig:22)
  12 bennus
  A demonspawn black sun (Zig:15)
  A green draconian (Zig:18)
  A red draconian (Zig:18)
  5 mummy priests
  A merfolk impaler (Shoals:4)
  2 shambling mangroves (Zig:19)
  A great orb of eyes (Slime:5)
  A vault guard (D:14)
  A spriggan zombie (Tomb:3)
  A hydra (Zig:19)
  2 ice dragons (Zig:21)
  A centaur warrior (Vaults:1)
  A titan zombie (Zig:17)
  A sixfirhy (Pan)
  A skeletal warrior (Tomb:3)
  A death drake (Zig:19)
  A swamp dragon (Zig:19)
  A glowing orange brain (Depths:2)
  A shadow dragon zombie (Zig:17)
  An ironbound convoker (Vaults:1)
  A necromancer (Depths:2)
  A shining eye (Pan)
  2 apocalypse crabs (Zig:20)
  2 orange demons (Pan)
  A titan simulacrum (Depths:2)
  6 demonic crawlers (Pan)
  An alligator snapping turtle skeleton (Tomb:2)
  4 guardian mummies
  A hornet (Zig:19)
  2 large abominations (Pan)
  A spectral jumping spider (Spider:4)
  A spectral tarantella (Spider:4)
  A harpy skeleton (Tomb:2)
  A jumping spider (Spider:4)
  2 flying skulls (Tomb:2)
  A fire dragon zombie (Tomb:2)
  A human (D:14)
  3 ushabtiu (Tomb:2)
  4 neqoxecs (Pan)
  A redback (Spider:4)
  A wight (D:8)
  4 mummies
135 creatures vanquished.

Vanquished Creatures (others)
  A profane servitor (Tar:7)
  3 draconian knights
  2 draconian scorchers
  A draconian annihilator (Zig:22)
  A red draconian (Zig:22)
  An ice dragon (Depths:4)
  A juggernaut simulacrum (Coc:7)
  A flayed ghost (Hell)
  A swamp dragon (Zig:21)
  A wizard (Depths:2)
  2 manticores (Shoals:4)
  A tormentor (Zig:8)
  A golden dragon simulacrum (Coc:7)
  A wind drake (Shoals:4)
  A tarantella (Spider:4)
  A culicivora (Spider:4)
  A ynoxinul (Pan)
  A water elemental (Shoals:4)
  3 harpy simulacra
  An ettin simulacrum (Coc:7)
  2 wights (D:8)
  An orc (D:12)
  A fire vortex (Geh:1)
  A foxfire (Zig:19)
  18 fungi
  60 plants
  2 starspawn tentacles (Abyss:4)
  4 tentacles (Hell)
115 creatures vanquished.

Grand Total: 2437 creatures vanquished

Notes
Turn   | Place    | Note
-------+----------+-------------------------------------------
     0 | D:1      | enPassant the Meteoran Earth Elementalist began the quest
                  | for the Orb.
     0 | D:1      | Reached XP level 1. HP: 14/14 MP: 5/5
    66 | D:1      | Reached XP level 2. HP: 20/20 MP: 0/6
    84 | D:2      | Learned a level 2 spell: Passwall
   123 | D:3      | Found a snail-covered altar of Cheibriados.
   129 | D:3      | Became a worshipper of Cheibriados the Contemplative
   143 | D:3      | Reached XP level 3. HP: 26/26 MP: 5/8
   149 | D:3      | Learned a level 3 spell: Stone Arrow
   209 | D:3      | Found Piyssurgh's Weapon Boutique.
   359 | D:4      | Reached skill level 1 in Conjurations
   359 | D:4      | Reached skill level 5 in Earth Magic
   363 | D:5      | Entered Level 5 of the Dungeon
   366 | D:5      | Found a staircase to the Ecumenical Temple.
   388 | D:5      | Noticed a scorpion
   405 | D:6      | Found a sand-covered staircase.
   415 | Ossuary  | Entered an ossuary
   415 | Ossuary  | Noticed a wraith
   415 | Ossuary  | Noticed a wraith
   415 | Ossuary  | Noticed a wraith
   426 | Ossuary  | Reached * piety under Cheibriados
   441 | Ossuary  | Reached skill level 3 in Spellcasting
   441 | Ossuary  | Reached XP level 4. HP: 31/33 MP: 0/9
   475 | Ossuary  | Noticed a wraith
   521 | Ossuary  | Killed a wraith
   522 | Ossuary  | Reached skill level 5 in Spellcasting
   522 | Ossuary  | Reached XP level 5. HP: 30/38 MP: 2/13
   522 | Ossuary  | Reached XP level 6. HP: 36/45 MP: 2/14
   591 | D:6      | Learned a level 5 spell: Irradiate
   596 | D:6      | Noticed an ogre
   601 | D:6      | Killed an ogre
   602 | D:6      | Reached XP level 7. HP: 50/50 MP: 6/15
   701 | D:7      | Noticed a slime creature
   719 | D:7      | Killed a slime creature
   720 | D:7      | Reached skill level 5 in Conjurations
   720 | D:7      | Reached skill level 5 in Transmutations
   720 | D:7      | Reached skill level 1 in Fighting
   720 | D:7      | Reached XP level 8. HP: 59/59 MP: 0/16
   783 | D:8      | Noticed a wraith
   793 | D:8      | Killed a wraith
   794 | D:8      | Reached ** piety under Cheibriados
   812 | D:9      | Noticed Joseph
   822 | D:8      | Noticed a wyvern
   837 | D:8      | Killed a wyvern
   838 | D:8      | Reached skill level 6 in Spellcasting
   927 | D:7      | Gained mutation: You passively map the area around you.
                  | [Meteoran growth]
   927 | D:7      | Reached XP level 9. HP: 61/64 MP: 13/19
   977 | D:7      | Learned a level 7 spell: Dragon Form
   984 | D:7      | You fall into a shaft and drop 1 floor!
  1047 | D:8      | Reached skill level 10 in Transmutations
  1087 | D:9      | Found an ornate altar of the Wu Jian Council.
  1088 | D:9      | Noticed Maurice
  1095 | D:9      | Killed Maurice
  1111 | D:9      | Noticed Psyche
  1115 | D:9      | Killed Psyche
  1115 | D:9      | Reached *** piety under Cheibriados
  1116 | D:9      | Reached XP level 10. HP: 73/73 MP: 4/20
  1126 | D:9      | Noticed Pikel
  1138 | D:9      | Killed Pikel
  1160 | D:10     | Entered Level 10 of the Dungeon
  1176 | D:10     | Reached skill level 1 in Unarmed Combat
  1182 | D:10     | Noticed a centaur warrior
  1188 | D:10     | Noticed a two-headed ogre
  1191 | D:10     | Killed a centaur warrior
  1192 | D:10     | Reached skill level 7 in Spellcasting
  1193 | D:10     | Reached **** piety under Cheibriados
  1198 | D:10     | Killed a two-headed ogre
  1199 | D:10     | Reached skill level 8 in Spellcasting
  1199 | D:10     | Reached XP level 11. HP: 84/84 MP: 13/24
  1223 | D:10     | Reached skill level 1 in Invocations
  1243 | D:10     | Found a staircase to the Lair.
  1250 | Lair:1   | Entered Level 1 of the Lair of Beasts
  1273 | Lair:1   | Noticed an eight-headed hydra
  1280 | Lair:1   | Killed an 11-headed hydra
  1281 | Lair:1   | Reached skill level 5 in Fighting
  1281 | Lair:1   | Reached skill level 5 in Unarmed Combat
  1306 | Lair:1   | Found a runed translucent gate.
  1423 | Lair:2   | Reached skill level 5 in Invocations
  1423 | Lair:2   | Noticed a five-headed hydra
  1432 | Lair:2   | Killed a seven-headed hydra
  1433 | Lair:2   | Noticed a seven-headed hydra
  1441 | Lair:2   | Reached ***** piety under Cheibriados
  1444 | Lair:2   | Killed a nine-headed hydra
  1445 | Lair:2   | Reached XP level 12. HP: 96/96 MP: 16/25
  1457 | Lair:2   | Reached skill level 5 in Dodging
  1547 | Lair:2   | Noticed a catoblepas
  1554 | Lair:2   | Killed a catoblepas
  1555 | Lair:2   | Reached skill level 1 in Evocations
  1593 | Lair:2   | Found a hole to the Spider Nest.
  1593 | Lair:2   | Noticed an orb spider
  1594 | Lair:2   | Killed an orb spider
  1602 | Spider:1 | Entered Level 1 of the Spider Nest
  1654 | Spider:1 | Noticed an entropy weaver
  1662 | Spider:1 | Killed an entropy weaver
  1663 | Spider:1 | Reached XP level 13. HP: 102/102 MP: 14/26
  1687 | Spider:1 | You are sucked into a shaft and drop 1 floor!
  1690 | Spider:2 | Noticed Agnes
  1696 | Spider:2 | Killed Agnes
  1697 | Spider:2 | Reached skill level 10 in Invocations
  1697 | Spider:2 | Reached skill level 5 in Evocations
  1701 | Spider:2 | Reached skill level 10 in Unarmed Combat
  1761 | Spider:3 | Reached ****** piety under Cheibriados
  1799 | Spider:4 | Entered Level 4 of the Spider Nest
  1800 | Spider:4 | Noticed a radroach
  1807 | Spider:4 | Killed a radroach
  1854 | Spider:4 | Killed a ghost moth
  1870 | Spider:4 | Reached skill level 9 in Spellcasting
  1871 | Spider:4 | Reached XP level 14. HP: 59/115 MP: 3/28
  1886 | Spider:4 | Killed a ghost moth
  1888 | Spider:4 | Noticed an emperor scorpion
  1893 | Spider:4 | Killed an emperor scorpion
  1920 | Spider:4 | Reached skill level 10 in Dodging
  1920 | Spider:4 | Reached skill level 10 in Spellcasting
  1924 | Spider:4 | Noticed an emperor scorpion
  1930 | Spider:4 | Killed an emperor scorpion
  2028 | Spider:4 | Reached skill level 15 in Unarmed Combat
  2038 | Spider:4 | Reached XP level 15. HP: 121/121 MP: 20/30
  2059 | Spider:4 | Got a gossamer rune of Zot
  2155 | Spider:4 | Noticed a broodmother
  2159 | Spider:4 | Killed a broodmother
  2320 | Lair:2   | Found a staircase to the Shoals.
  2333 | Shoals:1 | Entered Level 1 of the Shoals
  2335 | Shoals:1 | Found a transporter.
  2372 | Shoals:2 | Noticed Polyphemus
  2387 | Shoals:2 | Killed Polyphemus
  2393 | Shoals:2 | Reached skill level 11 in Spellcasting
  2436 | Shoals:3 | Learned a level 5 spell: Lee's Rapid Deconstruction
  2437 | Shoals:4 | Entered Level 4 of the Shoals
  2478 | Shoals:4 | Noticed a frost giant
  2479 | Shoals:4 | Reached skill level 10 in Fighting
  2500 | Shoals:4 | Reached skill level 12 in Spellcasting
  2500 | Shoals:4 | Reached XP level 16. HP: 113/134 MP: 17/33
  2546 | Shoals:4 | Killed a frost giant
  2659 | Shoals:4 | Got a barnacled rune of Zot
  2710 | Shoals:1 | Found a transporter.
  2733 | Shoals:1 | Reached skill level 10 in Earth Magic
  2794 | Lair:2   | Learned a level 6 spell: Statue Form
  2826 | Lair:3   | Noticed Gastronok
  2835 | Lair:3   | Killed Gastronok
  2922 | Lair:5   | Entered Level 5 of the Lair of Beasts
  2943 | Lair:5   | Reached skill level 13 in Spellcasting
  3026 | Lair:5   | Found a staircase to the Slime Pits.
  3096 | Slime:1  | Entered Level 1 of the Pits of Slime
  3119 | Slime:1  | Reached XP level 17. HP: 140/140 MP: 27/35
  3128 | Slime:3  | Noticed an acid blob
  3132 | Slime:3  | Noticed an acid blob
  3138 | Slime:3  | Noticed an acid blob
  3159 | Slime:3  | Killed an acid blob
  3160 | Slime:3  | Reached skill level 14 in Spellcasting
  3176 | Slime:3  | Killed an acid blob
  3182 | Slime:4  | Noticed a rockslime
  3185 | Slime:4  | Killed a rockslime
  3185 | Slime:4  | Noticed an acid blob
  3187 | Slime:5  | Entered Level 5 of the Pits of Slime
  3208 | Slime:5  | Noticed an acid blob
  3214 | Slime:5  | Killed an acid blob
  3215 | Slime:5  | Reached skill level 15 in Spellcasting
  3248 | Slime:5  | Noticed the Royal Jelly
  3250 | Slime:5  | Found a viscous altar of Jiyva.
  3255 | Slime:5  | Noticed a rockslime
  3257 | Slime:5  | Noticed an acid blob
  3261 | Slime:5  | Noticed a rockslime
  3262 | Slime:5  | Noticed a rockslime
  3263 | Slime:5  | Noticed an azure jelly
  3263 | Slime:5  | Noticed a rockslime
  3263 | Slime:5  | Noticed an acid blob
  3265 | Slime:5  | Killed a rockslime
  3266 | Slime:5  | Killed an azure jelly
  3268 | Slime:5  | Killed a rockslime
  3268 | Slime:5  | Killed a rockslime
  3271 | Slime:5  | Killed an acid blob
  3272 | Slime:5  | Noticed a rockslime
  3274 | Slime:5  | Noticed an acid blob
  3274 | Slime:5  | Noticed an acid blob
  3275 | Slime:5  | Noticed an azure jelly
  3275 | Slime:5  | Noticed a rockslime
  3275 | Slime:5  | Noticed an azure jelly
  3275 | Slime:5  | Noticed an azure jelly
  3276 | Slime:5  | Killed an acid blob
  3277 | Slime:5  | Killed an acid blob
  3280 | Slime:5  | Killed a rockslime
  3281 | Slime:5  | Noticed an acid blob
  3282 | Slime:5  | Noticed a rockslime
  3282 | Slime:5  | Noticed an acid blob
  3282 | Slime:5  | Noticed a rockslime
  3283 | Slime:5  | Killed an azure jelly
  3283 | Slime:5  | Noticed a rockslime
  3283 | Slime:5  | Noticed an azure jelly
  3284 | Slime:5  | Killed an acid blob
  3284 | Slime:5  | Killed a rockslime
  3284 | Slime:5  | Killed the Royal Jelly
  3284 | Slime:5  | Killed an azure jelly
  3284 | Slime:5  | Noticed an acid blob
  3285 | Slime:5  | Reached skill level 16 in Spellcasting
  3286 | Slime:5  | Killed an acid blob
  3287 | Slime:5  | Noticed an acid blob
  3289 | Slime:5  | Killed a rockslime
  3292 | Slime:5  | Killed a rockslime
  3292 | Slime:5  | Killed a rockslime
  3293 | Slime:5  | Killed an acid blob
  3295 | Slime:5  | Killed an acid blob
  3296 | Slime:5  | Reached skill level 17 in Spellcasting
  3333 | Slime:5  | Killed an azure jelly
  3345 | Slime:5  | Identified the +8 shortbow "Yfipude" {vorpal, rElec SInv}
  3405 | Slime:5  | Got a slimy rune of Zot
  3419 | Slime:5  | Identified the +4 flail of Doom {vamp, +Blink rPois rF+}
  3432 | Slime:5  | Identified a scroll of acquirement
  3441 | Slime:5  | Noticed an acid blob
  3448 | Slime:5  | Killed an acid blob
  3472 | Slime:4  | Noticed an acid blob
  3473 | Slime:4  | Killed an acid blob
  3476 | Slime:4  | HP: 4/182 [acid (9)]
  3625 | Lair:4   | Reached skill level 1 in Fire Magic
  3743 | D:12     | Identified the ring "Dykhoat" {Will+ rCorr}
  3777 | D:12     | Found a radiant altar of Vehumet.
  3820 | D:11     | Found a transporter.
  3973 | D:15     | Entered Level 15 of the Dungeon
  3979 | D:15     | Found Kalisch's Assorted Antiques.
  3983 | D:15     | Gained mutation: You passively map a large area around you.
                  | [Meteoran growth]
  3983 | D:15     | Reached XP level 18. HP: 147/147 MP: 31/40
  4074 | D:15     | Found a staircase to the Depths.
  4080 | Depths:1 | Entered Level 1 of the Depths
  4085 | Depths:1 | Reached skill level 18 in Spellcasting
  4085 | Depths:1 | Reached skill level 5 in Fire Magic
  4130 | Depths:1 | Learned a level 8 spell: Ignition
  4141 | Depths:1 | Learned a level 6 spell: Iron Shot
  4197 | Depths:1 | Found a gateway to Hell.
  4202 | Depths:1 | You fall into a shaft and drop 1 floor!
  4235 | Depths:2 | Gained mutation: You are dopey. (Int -2) [mutagenic glow]
  4237 | Depths:2 | Noticed a lich
  4304 | Depths:2 | Found Jilyun's Jewellery Boutique.
  4304 | Depths:2 | Found Toseic's Book Shoppe.
  4305 | Depths:2 | Found Ylusm's Jewellery Boutique.
  4316 | Depths:2 | Acquired 595 gold pieces
  4318 | Depths:2 | Bought a book of Death for 660 gold pieces
  4318 | Depths:2 | Bought a book of Ice for 690 gold pieces
  4335 | Depths:2 | Identified the +11 morningstar of Crusades {flame, rPois
                  | MP-9 Int+4}
  4363 | Depths:3 | Reached XP level 19. HP: 123/154 MP: 27/42
  4393 | Depths:3 | Found a one-way gateway to a ziggurat.
  4402 | Zig:1    | Entered Level 1 of a ziggurat
  4402 | Zig:1    | Noticed an Ice Fiend
  4411 | Zig:1    | Killed an Ice Fiend
  4420 | Zig:2    | Entered Level 2 of a ziggurat
  4421 | Zig:2    | Found the +7 captain's cutlass {speed, disarm}
  4426 | Zig:2    | Reached skill level 1 in Shields
  4433 | Zig:3    | Entered Level 3 of a ziggurat
  4450 | Zig:4    | Entered Level 4 of a ziggurat
  4466 | Zig:4    | Acquired a staff of fire
  4474 | Zig:5    | Entered Level 5 of a ziggurat
  4490 | Zig:5    | Acquired 1187 gold pieces
  4504 | Zig:5    | Learned a level 5 spell: Borgnjor's Vile Clutch
  4506 | Zig:6    | Entered Level 6 of a ziggurat
  4512 | Zig:6    | Reached skill level 15 in Fire Magic
  4537 | Zig:7    | Entered Level 7 of a ziggurat
  4550 | Zig:7    | Identified the +6 eveningstar of Ignis's Esteem {freeze,
                  | rN+ SInv}
  4554 | Zig:8    | Entered Level 8 of a ziggurat
  4560 | Zig:8    | Noticed a searing wretch
  4560 | Zig:8    | Noticed a hellephant
  4562 | Zig:8    | Noticed a hellephant
  4562 | Zig:8    | Noticed a searing wretch
  4564 | Zig:8    | Noticed a Brimstone Fiend
  4568 | Zig:9    | Entered Level 9 of a ziggurat
  4586 | Zig:9    | Found the +8 demon blade "Leech" {vamp, Harm Drain rN+}
  4603 | Zig:9    | Learned a level 4 spell: Passage of Golubria
  4607 | Zig:10   | Entered Level 10 of a ziggurat
  4617 | Zig:10   | Reached XP level 20. HP: 161/161 MP: 20/43
  4624 | Zig:10   | Reached skill level 5 in Translocations
  4626 | Zig:10   | Identified the ring of Polytheism {rElec rC+ AC+4 Int+3
                  | Stlth+}
  4632 | Zig:10   | Acquired the Writings on Arenous Production
  4652 | Zig:11   | Entered Level 11 of a ziggurat
  4659 | Zig:11   | Noticed an orb of fire
  4659 | Zig:11   | Noticed an orb of fire
  4663 | Zig:11   | Noticed an orb of fire
  4664 | Zig:11   | Gained mutation: Your spells are a little easier to cast,
                  | but a little less powerful. [an orb of fire]
  4665 | Zig:11   | Gained mutation: You are very dopey. (Int -4) [an orb of
                  | fire]
  4665 | Zig:11   | Gained mutation: Your body sometimes deteriorates upon
                  | taking damage. [an orb of fire]
  4666 | Zig:11   | Killed an orb of fire
  4666 | Zig:11   | Killed an orb of fire
  4666 | Zig:11   | Gained mutation: You expend magic power (3 MP) to
                  | strengthen your wands. [an orb of fire]
  4667 | Zig:11   | Reached skill level 5 in Necromancy
  4667 | Zig:11   | Gained mutation: Armour fits poorly on your strangely
                  | shaped body. [an orb of fire]
  4668 | Zig:11   | Killed an orb of fire
  4675 | Zig:11   | Got the Parchment of Reshaped Pestilence
  4691 | Zig:12   | Entered Level 12 of a ziggurat
  4713 | Zig:12   | Got the Compilation of Doomed Bedrock
  4720 | Zig:12   | Reached skill level 10 in Necromancy
  4720 | Zig:12   | Reached XP level 21. HP: 168/168 MP: 41/44
  4721 | Zig:12   | Identified the +3 war axe "Diuduh" {freeze, rPois SInv}
  4722 | Zig:12   | Identified the +8 long sword of the Eternal Warrior
                  | {freeze, rC++ Str+4 Dex-3}
  4725 | Zig:13   | Entered Level 13 of a ziggurat
  4746 | Zig:13   | Identified the amulet "Relucw" {Spirit Str+5}
  4754 | Zig:14   | Entered Level 14 of a ziggurat
  4764 | Zig:14   | Reached XP level 22. HP: 174/174 MP: 37/45
  4782 | Zig:14   | Learned a level 8 spell: Infestation
  4782 | Zig:14   | Identified the +4 leather armour "Plog" {rF+ Will+}
  4793 | Zig:14   | Identified the +7 mace "Retotau" {pain, rF+ rC+}
  4800 | Zig:15   | Entered Level 15 of a ziggurat
  4805 | Zig:15   | Noticed Quarhuc the pandemonium lord
  4805 | Zig:15   | Noticed a Brimstone Fiend
  4811 | Zig:15   | Killed a Brimstone Fiend
  4812 | Zig:15   | Killed Quarhuc the pandemonium lord
  4840 | Zig:16   | Entered Level 16 of a ziggurat
  4851 | Zig:16   | Reached skill level 19 in Spellcasting
  4851 | Zig:16   | Reached skill level 15 in Necromancy
  4878 | Zig:16   | Reached skill level 20 in Spellcasting
  4885 | Zig:16   | Got the Handbook of Profane Liturgies and the Coals
  4892 | Zig:16   | Got the Omnibus of the Sandy Excursion
  4896 | Zig:16   | Learned a level 1 spell: Apportation
  4900 | Zig:16   | Reached XP level 23. HP: 166/181 MP: 16/48
  4904 | Zig:16   | Identified the ring "Inital" {+Blink rElec rN+ Int-4 SInv}
  4914 | Zig:16   | Learned a level 6 spell: Death Channel
  4918 | Zig:17   | Entered Level 17 of a ziggurat
  4928 | Zig:17   | Found the +3 pair of seven-league boots {Rampage+∞}
  4928 | Zig:17   | Noticed a royal mummy
  4928 | Zig:17   | Noticed a royal mummy
  4928 | Zig:17   | Noticed a royal mummy
  4928 | Zig:17   | Noticed a royal mummy
  4928 | Zig:17   | Noticed a royal mummy
  4928 | Zig:17   | Noticed a royal mummy
  4928 | Zig:17   | Noticed a royal mummy
  4928 | Zig:17   | Noticed a royal mummy
  4928 | Zig:17   | Noticed a royal mummy
  4930 | Zig:17   | Noticed a royal mummy
  4932 | Zig:17   | Reached skill level 21 in Spellcasting
  4932 | Zig:17   | Reached XP level 24. HP: 119/189 MP: 34/49
  4932 | Zig:17   | Killed a royal mummy
  4932 | Zig:17   | Killed a royal mummy
  4932 | Zig:17   | Killed a royal mummy
  4932 | Zig:17   | Killed a royal mummy
  4933 | Zig:17   | Killed a royal mummy
  4933 | Zig:17   | Killed a royal mummy
  4933 | Zig:17   | Killed a royal mummy
  4933 | Zig:17   | Killed a royal mummy
  4933 | Zig:17   | Killed a royal mummy
  4934 | Zig:17   | Reached skill level 22 in Spellcasting
  4934 | Zig:17   | Killed a royal mummy
  4939 | Zig:17   | Lost mutation: Armour fits poorly on your strangely shaped
                  | body. [potion of mutation]
  4939 | Zig:17   | Lost mutation: Your spells are a little easier to cast, but
                  | a little less powerful. [potion of mutation]
  4939 | Zig:17   | Gained mutation: Your muscles are strong. (Str +4, Int/Dex
                  | -1) [potion of mutation]
  4940 | Zig:17   | Lost mutation: You expend magic power (3 MP) to strengthen
                  | your wands. [potion of mutation]
  4940 | Zig:17   | Lost mutation: Your muscles are strong. (Str +4, Int/Dex
                  | -1) [potion of mutation]
  4940 | Zig:17   | Lost mutation: Your body sometimes deteriorates upon taking
                  | damage. [potion of mutation]
  4940 | Zig:17   | Gained mutation: You have a pair of small horns on your
                  | head. [potion of mutation]
  4940 | Zig:17   | Gained mutation: Armour fits poorly on your strangely
                  | shaped body. [potion of mutation]
  4941 | Zig:17   | Lost mutation: You are very dopey. (Int -4) [potion of
                  | mutation]
  4941 | Zig:17   | Lost mutation: You have a pair of small horns on your head.
                  | [potion of mutation]
  4941 | Zig:17   | Lost mutation: Armour fits poorly on your strangely shaped
                  | body. [potion of mutation]
  4941 | Zig:17   | Gained mutation: Your flesh is cold resistant. (rC+)
                  | [potion of mutation]
  4952 | Zig:17   | Learned a level 8 spell: Necromutation
  4953 | Zig:17   | Found the +3 warlock's mirror {reflect}
  4977 | Zig:18   | Entered Level 18 of a ziggurat
  4989 | Zig:18   | Reached skill level 23 in Spellcasting
  5001 | Zig:18   | Reached skill level 24 in Spellcasting
  5002 | Zig:18   | Identified the +0 leather armour of the Blizzard {*Corrode
                  | Dex+3}
  5003 | Zig:18   | Identified the amulet "Kega Ami" {Faith Slay+2}
  5005 | Zig:18   | Identified the +0 robe of the Minstrel {rElec}
  5008 | Zig:18   | Got the Codex of the Barrage and Enchantment
  5009 | Zig:18   | Reached XP level 25. HP: 194/194 MP: 12/52
  5014 | Zig:19   | Entered Level 19 of a ziggurat
  5020 | Zig:19   | Noticed a golden dragon
  5020 | Zig:19   | Noticed a golden dragon
  5023 | Zig:19   | Reached skill level 25 in Spellcasting
  5023 | Zig:19   | Noticed a golden dragon
  5023 | Zig:19   | Killed a golden dragon
  5024 | Zig:19   | Reached XP level 26. HP: 202/202 MP: 36/53
  5040 | Zig:19   | Identified the +1 leather armour "Ynomn" {rElec rPois Int-4
                  | SInv}
  5043 | Zig:19   | Identified the ring "Cafituen" {Fire Drain Dex+5}
  5047 | Zig:19   | Reached skill level 26 in Spellcasting
  5047 | Zig:19   | Reached XP level 27. HP: 209/209 MP: 53/54
  5050 | Zig:20   | Entered Level 20 of a ziggurat
  5062 | Zig:20   | Found the amulet of the Four Winds {rN+ Will+++ Clar}
  5062 | Zig:20   | Noticed Ceraxt the pandemonium lord
  5062 | Zig:20   | Noticed Qiabu the pandemonium lord
  5062 | Zig:20   | Noticed Zudoong the pandemonium lord
  5062 | Zig:20   | Noticed Qaabb the pandemonium lord
  5062 | Zig:20   | Noticed a Killer Klown
  5062 | Zig:20   | Noticed a Killer Klown
  5062 | Zig:20   | Noticed Anuiz the pandemonium lord
  5062 | Zig:20   | Noticed a Killer Klown
  5062 | Zig:20   | Noticed a Killer Klown
  5062 | Zig:20   | Noticed Cusejeor the pandemonium lord
  5062 | Zig:20   | Noticed a Killer Klown
  5062 | Zig:20   | Noticed Buefipu the pandemonium lord
  5062 | Zig:20   | Noticed Puetuwo the pandemonium lord
  5062 | Zig:20   | Noticed a Killer Klown
  5062 | Zig:20   | Noticed a Killer Klown
  5062 | Zig:20   | Noticed Kuggoqen the pandemonium lord
  5063 | Zig:20   | Killed a Killer Klown
  5064 | Zig:20   | Killed Qaabb the pandemonium lord
  5064 | Zig:20   | Killed a Killer Klown
  5064 | Zig:20   | Killed a Killer Klown
  5064 | Zig:20   | Killed Kuggoqen the pandemonium lord
  5064 | Zig:20   | Killed a Killer Klown
  5064 | Zig:20   | Killed a Killer Klown
  5064 | Zig:20   | Killed Ceraxt the pandemonium lord
  5065 | Zig:20   | Reached skill level 27 in Spellcasting
  5070 | Zig:20   | Killed Cusejeor the pandemonium lord
  5074 | Zig:20   | Killed a Killer Klown
  5076 | Zig:20   | Killed Buefipu the pandemonium lord
  5077 | Zig:20   | Killed a Killer Klown
  5079 | Zig:20   | Killed Anuiz the pandemonium lord
  5080 | Zig:20   | Killed Qiabu the pandemonium lord
  5087 | Zig:20   | Killed Zudoong the pandemonium lord
  5091 | Zig:20   | Identified the ring of Effusm {Ice Dex+2}
  5092 | Zig:20   | Identified the ring "Kedimoir" {Drain rPois rN+ Will-
                  | Slay+6}
  5093 | Zig:20   | Identified the ring of Wonothithrel {rC+ Will+ Dex+3
                  | Stlth+}
  5093 | Zig:20   | Killed Puetuwo the pandemonium lord
  5095 | Zig:20   | Identified the amulet of Daffodils {Faith Rampage Will+}
  5096 | Zig:20   | Identified the +1 robe of the Sea {rElec Int-2 SInv}
  5103 | Zig:21   | Entered Level 21 of a ziggurat
  5117 | Zig:21   | Reached skill level 15 in Dodging
  5118 | Zig:21   | Found the +8 arc blade {discharge, rElec}
  5124 | Zig:21   | Identified the ring "Qogguvvo" {Fly EV+4}
  5125 | Zig:21   | Identified the amulet "Qiek" {Reflect Rampage *Corrode
                  | rF+++ SH+5 Stlth+}
  5126 | Zig:21   | Identified the +3 leather armour of Monotheism {rPois Str+4
                  | Dex-3}
  5129 | Zig:22   | Entered Level 22 of a ziggurat
  5143 | Zig:22   | Reached skill level 15 in Fighting
  5150 | Zig:22   | Reached skill level 5 in Shields
  5166 | Zig:22   | Identified the ring "Qoimyiruass" {Str+6 Int+4}
  5167 | Zig:22   | Identified the +0 hat "Butuolux" {Fly Will+++ rCorr MP-9}
  5182 | Zig:22   | Learned a level 9 spell: Shatter
  5270 | D:14     | Found a gate to the Vaults.
  5277 | Vaults:1 | Entered Level 1 of the Vaults
  5496 | Vaults:2 | Found an ancient bone altar of Kikubaaqudgha.
  5496 | Vaults:2 | Found a staircase to the Crypt.
  5496 | Vaults:2 | Found a basalt altar of Yredelemnul.
  5503 | Crypt:1  | Entered Level 1 of the Crypt
  5535 | Crypt:3  | Entered Level 3 of the Crypt
  5559 | Crypt:3  | Noticed an ancient lich
  5561 | Crypt:3  | Killed an ancient lich
  5562 | Crypt:3  | Reached skill level 15 in Earth Magic
  5563 | Crypt:3  | Found a basalt altar of Yredelemnul.
  5573 | Crypt:3  | Found a staircase to the Tomb.
  5578 | Tomb:1   | Entered Level 1 of the Tomb of the Ancients
  5593 | Tomb:1   | Noticed a royal mummy
  5597 | Tomb:1   | Noticed a royal mummy
  5599 | Tomb:1   | Noticed a royal mummy
  5599 | Tomb:1   | Noticed a royal mummy
  5599 | Tomb:1   | Noticed a royal mummy
  5599 | Tomb:1   | Noticed a royal mummy
  5599 | Tomb:1   | Noticed a royal mummy
  5602 | Tomb:1   | Killed a royal mummy
  5602 | Tomb:1   | Killed a royal mummy
  5602 | Tomb:1   | Killed a royal mummy
  5603 | Tomb:1   | Killed a royal mummy
  5604 | Tomb:1   | Killed a royal mummy
  5604 | Tomb:1   | Killed a royal mummy
  5607 | Tomb:1   | Noticed a royal mummy
  5610 | Tomb:1   | Killed a royal mummy
  5610 | Tomb:1   | Noticed a royal mummy
  5657 | Tomb:3   | Entered Level 3 of the Tomb of the Ancients
  5657 | Tomb:3   | Noticed a royal mummy
  5665 | Tomb:3   | Noticed a royal mummy
  5667 | Tomb:3   | Noticed a royal mummy
  5667 | Tomb:3   | Noticed a royal mummy
  5668 | Tomb:3   | Noticed a royal mummy
  5668 | Tomb:3   | Noticed a royal mummy
  5668 | Tomb:3   | Noticed a royal mummy
  5668 | Tomb:3   | Noticed a royal mummy
  5671 | Tomb:3   | Killed a royal mummy
  5671 | Tomb:3   | Killed a royal mummy
  5672 | Tomb:3   | Killed a royal mummy
  5674 | Tomb:3   | Killed a royal mummy
  5674 | Tomb:3   | Killed a royal mummy
  5674 | Tomb:3   | Killed a royal mummy
  5674 | Tomb:3   | Noticed a royal mummy
  5674 | Tomb:3   | Noticed a royal mummy
  5680 | Tomb:3   | Killed a royal mummy
  5682 | Tomb:3   | Killed a royal mummy
  5688 | Tomb:3   | Got a golden rune of Zot
  5695 | Tomb:3   | Killed a royal mummy
  5703 | Tomb:3   | Killed a royal mummy
  5735 | Tomb:1   | Noticed a royal mummy
  5737 | Tomb:1   | Noticed a royal mummy
  5738 | Tomb:1   | Killed a royal mummy
  5776 | Crypt:2  | Reached skill level 1 in Ice Magic
  5808 | Vaults:2 | Found Emaon's Weapon Shop.
  5819 | Vaults:2 | Reached skill level 5 in Ice Magic
  5967 | Vaults:3 | Reached skill level 10 in Ice Magic
  6008 | Vaults:5 | Entered Level 5 of the Vaults
  6031 | Vaults:5 | Got a silver rune of Zot
  6034 | Vaults:5 | Noticed Mennas
  6040 | Vaults:5 | Found Veviefe's Antique Weapon Boutique.
  6041 | Vaults:5 | Identified the +0 pair of boots of the Lost Path {rN+}
  6055 | Vaults:4 | Found Etwa's Weapon Shop.
  6180 | Depths:2 | Found a one-way gate leading to the halls of Pandemonium.
  6186 | Pan      | Entered Pandemonium
  6191 | Pan      | Found an exit through the horrors of the Abyss.
  6206 | Pan      | Learned a level 9 spell: Polar Vortex
  6213 | Pan      | Learned a level 6 spell: Simulacrum
  6233 | Pan      | Noticed Hewaruve the pandemonium lord
  6235 | Pan      | Got a demonic rune of Zot
  6285 | Pan      | Entered the realm of Gloorx Vloq.
  6285 | Pan      | Noticed Gloorx Vloq
  6292 | Pan      | Reached skill level 15 in Ice Magic
  6292 | Pan      | Killed Gloorx Vloq
  6296 | Pan      | Got a dark rune of Zot
  6342 | Pan      | Noticed Raliduus the pandemonium lord
  6345 | Pan      | Killed Raliduus the pandemonium lord
  6354 | Pan      | Found an exit through the horrors of the Abyss.
  6389 | Pan      | Entered the realm of Cerebov.
  6406 | Pan      | Found an exit through the horrors of the Abyss.
  6466 | Pan      | Got a fiery rune of Zot
  6477 | Pan      | Noticed Laedonog the pandemonium lord
  6488 | Pan      | Killed Laedonog the pandemonium lord
  6493 | Depths:2 | Escaped Pandemonium
  6496 | Pan      | Entered Pandemonium
  6518 | Pan      | Entered the realm of Mnoleg.
  6553 | Pan      | Noticed Mnoleg
  6555 | Pan      | Paralysed by a floating eye for 4 turns
  6557 | Pan      | Killed Mnoleg
  6598 | Pan      | Got a glowing rune of Zot
  6666 | Pan      | Found the +6 sword of Cerebov {flame}
  6666 | Pan      | Noticed Cerebov
  6671 | Pan      | Found a runed translucent door.
  6673 | Pan      | Noticed Ceekeled the pandemonium lord
  6677 | Pan      | Killed Ceekeled the pandemonium lord
  6692 | Pan      | Noticed Izixkixt the pandemonium lord
  6693 | Pan      | Killed Izixkixt the pandemonium lord
  6701 | Pan      | Entered the realm of Lom Lobon.
  6728 | Pan      | Noticed Lom Lobon
  6730 | Pan      | Got a magical rune of Zot
  6763 | Pan      | Identified the +1 tower shield of Howling Wind {rF+}
  6764 | Pan      | Found the +6 sword of Cerebov {flame}
  6764 | Pan      | Noticed Cerebov
  6799 | Pan      | Found an exit through the horrors of the Abyss.
  6805 | Pan      | Took an exit into the Abyss.
  6805 | Abyss:1  | Escaped into the Abyss
  6850 | Abyss:4  | Got an abyssal rune of Zot
  6889 | Depths:2 | Escaped the Abyss
  6900 | Depths:2 | Noticed Grunn
  6904 | Depths:2 | Killed Grunn
  6922 | Hell     | Entered the Vestibule of Hell
  6922 | Hell     | Noticed Geryon
  6930 | Hell     | Found a gateway to the ashen valley of Gehenna.
  6937 | Geh:1    | Entered Level 1 of Gehenna
  7042 | Geh:4    | You fall into a shaft and drop 2 floors!
  7068 | Geh:7    | Entered Level 7 of Gehenna
  7086 | Geh:7    | Reached skill level 1 in Armour
  7104 | Geh:7    | Got an obsidian rune of Zot
  7132 | Hell     | Found a gateway to the decaying netherworld of Tartarus.
  7138 | Tar:1    | Entered Level 1 of Tartarus
  7252 | Tar:7    | Entered Level 7 of Tartarus
  7315 | Tar:7    | Got a bone rune of Zot
  7317 | Tar:7    | Noticed Ereshkigal
  7318 | Tar:7    | Noticed the Serpent of Hell
  7358 | Hell     | Found a gateway to the freezing wastes of Cocytus.
  7366 | Coc:1    | Entered Level 1 of Cocytus
  7433 | Coc:3    | Noticed a shard shrike
  7433 | Coc:3    | Noticed a shard shrike
  7433 | Coc:3    | Noticed a shard shrike
  7435 | Coc:3    | Killed a shard shrike
  7435 | Coc:3    | Killed a shard shrike
  7435 | Coc:3    | Killed a shard shrike
  7472 | Coc:5    | Paralysed by a wendigo for 1 turns
  7474 | Coc:5    | Noticed a shard shrike
  7478 | Coc:5    | Killed a shard shrike
  7479 | Coc:5    | Reached skill level 5 in Armour
  7480 | Coc:5    | Noticed a shard shrike
  7481 | Coc:5    | Killed a shard shrike
  7483 | Coc:5    | Paralysed by a wendigo for 1 turns
  7503 | Coc:7    | Entered Level 7 of Cocytus
  7511 | Coc:7    | Noticed a shard shrike
  7511 | Coc:7    | Noticed a shard shrike
  7511 | Coc:7    | Noticed a shard shrike
  7511 | Coc:7    | Noticed a shard shrike
  7512 | Coc:7    | Killed a shard shrike
  7512 | Coc:7    | Killed a shard shrike
  7514 | Coc:7    | Killed a shard shrike
  7514 | Coc:7    | Killed a shard shrike
  7531 | Coc:7    | Identified the amulet of Cowardice {Fly Regen+ Int-4 Dex+4}
  7537 | Coc:7    | Paralysed by a wendigo for 1 turns
  7579 | Coc:7    | Noticed a shard shrike
  7583 | Coc:7    | Killed a shard shrike
  7610 | Coc:7    | Noticed Antaeus
  7614 | Coc:7    | Got an icy rune of Zot
  7636 | Hell     | Found a gateway to the Iron City of Dis.
  7641 | Dis:1    | Entered Level 1 of the Iron City of Dis
  7643 | Dis:1    | Found a huge runed gate.
  7643 | Dis:1    | Found a huge runed gate.
  7643 | Dis:1    | Found a huge runed gate.
  7643 | Dis:1    | Found a huge runed gate.
  7643 | Dis:1    | Found a huge runed gate.
  7643 | Dis:1    | Found a huge runed gate.
  7643 | Dis:1    | Found a huge runed gate.
  7643 | Dis:1    | Found a huge runed gate.
  7705 | Dis:4    | Noticed an ancient lich
  7707 | Dis:4    | Killed an ancient lich
  7735 | Dis:7    | Entered Level 7 of the Iron City of Dis
  7768 | Dis:7    | Noticed a caustic shrike
  7769 | Dis:7    | Noticed a caustic shrike
  7772 | Dis:7    | Noticed a caustic shrike
  7774 | Dis:7    | Noticed a juggernaut
  7776 | Dis:7    | Killed a juggernaut
  7777 | Dis:7    | Noticed a caustic shrike
  7778 | Dis:7    | Killed a caustic shrike
  7779 | Dis:7    | Killed a caustic shrike
  7779 | Dis:7    | Killed a caustic shrike
  7781 | Dis:7    | Noticed a juggernaut
  7784 | Dis:7    | Killed a caustic shrike
  7785 | Dis:7    | Killed a juggernaut
  7787 | Dis:7    | Noticed an ancient lich
  7789 | Dis:7    | Killed an ancient lich
  7789 | Dis:7    | Noticed a juggernaut
  7793 | Dis:7    | Killed a juggernaut
  7802 | Dis:7    | Noticed a caustic shrike
  7805 | Dis:7    | Noticed a caustic shrike
  7819 | Dis:7    | Got an iron rune of Zot
  7854 | Depths:4 | Entered Level 4 of the Depths
  7876 | Depths:4 | Found a gate to the Realm of Zot.
  7880 | Depths:4 | Noticed Margery
  7885 | Depths:4 | Killed Margery
  7889 | Zot:1    | Entered Level 1 of the Realm of Zot
  7927 | Zot:1    | Noticed a curse toe
  8005 | Zot:3    | Noticed a curse toe
  8012 | Zot:4    | Noticed an orb of fire
  8018 | Zot:4    | Noticed a dread lich
  8022 | Zot:4    | Killed an orb of fire
  8023 | Zot:4    | Noticed a Killer Klown
  8027 | Zot:4    | Killed a dread lich
  8028 | Zot:4    | Killed a Killer Klown
  8030 | Zot:5    | Entered Level 5 of the Realm of Zot
  8053 | Zot:5    | Noticed an ancient lich
  8053 | Zot:5    | Noticed an orb of fire
  8053 | Zot:5    | Noticed an orb of fire
  8053 | Zot:5    | Noticed a Killer Klown
  8053 | Zot:5    | Noticed an orb of fire
  8053 | Zot:5    | Noticed an ancient lich
  8053 | Zot:5    | Noticed an orb of fire
  8056 | Zot:5    | Killed an orb of fire
  8056 | Zot:5    | Killed an ancient lich
  8057 | Zot:5    | Killed an ancient lich
  8057 | Zot:5    | Killed an orb of fire
  8057 | Zot:5    | Killed an orb of fire
  8057 | Zot:5    | Killed an orb of fire
  8057 | Zot:5    | Killed a Killer Klown
  8063 | Zot:5    | Noticed an orb of fire
  8064 | Zot:5    | Noticed an orb of fire
  8065 | Zot:5    | Got the Orb of Zot
  8072 | Zot:5    | Noticed a Killer Klown
  8073 | Zot:5    | Noticed a Killer Klown
  8090 | Zot:5    | Killed a Killer Klown
  8113 | Zot:3    | Noticed a curse toe
  8422 | D:2      | Found Reykhis's Armour Shop.
  8471 | D:$      | Escaped with the Orb!

Illustrated notes

Levels and vault maps discovered:
D:1:      minmay_arrival_loop, layout_basic,
          hellmonk_ecumenical_altar_defaced_shrine
D:2:      layout_basic, serial_shops, shop
D:3:      layout_basic, cheibrodos_worm_habitat, serial_shops, shop
D:4:      nicolae_cairo_tiling_large_dashed, layout_gridville
D:5:      layout_loops_corners, minmay_temple_entry_statues_pillars,
          ebering_ghost_sewer_f, uniq_ijyb
D:6:      layout_cave_pods, nicolae_ossuary_entry_ruins
D:7:      layout_basic, kennysheep_little_box, lemuel_tele_altar
D:8:      layout_basic, lemuel_mausoleum_altar_yredelemnul
D:9:      layout_rooms, amcnicky_altar_gilded, minitemple, orc_0_dummy,
          uniq_maurice, uniq_psyche, uniq_pikel, uniq_joseph
D:10:     layout_cross, mainiacjoe_overflow_catwalk,
          grunt_lair_entry_orc_guard_hut, serial_rivers,
          chequers_serial_rivers_micro_e, chequers_serial_rivers_small_a,
          chequers_serial_rivers_micro_d, chequers_serial_rivers_micro_c,
          chequers_serial_rivers_small_b, dk_noncrumbling_3,
          kennysheep_generic_room_9
D:11:     gammafunk_worm_tunnel, layout_cave_pools, serial_column_ruins,
          column_ruins_courtyard_long_water, column_ruins_open_small,
          column_ruins_grid_4, column_ruins_grid_2, column_ruins_grid_2,
          serial_bayou_ford_a, uniq_urug, uniq_sonja
D:12:     layout_basic, vehumet_crystals
D:13:     layout_roguey
D:14:     minmay_tearing_corner, layout_basic, grunt_vaults_entry_tiered,
          serial_park_tiny_1, minmay_more_statues
D:15:     hangedman_depths_entry_civil_slaughter, layout_cave_pools,
          serial_shops, shop_fountains, shop, nrook_pool_corridor,
          hellmonk_bongcloud_opening
Lair:1:   layout_roguey, maelrawn_ghost_gauntlet_escape,
          infiniplex_staircase_pool
Lair:2:   layout_gridlike, minmay_shoals_entry_centaurs,
          nicolae_spider_entry_orb_guardian, grunt_megastairs_1
Lair:3:   layout_cave_pods, st_stairs_9, grunt_megastairs_2, uniq_rupert,
          uniq_gastronok
Lair:4:   layout_cave_pods, worms_lemuel, infiniplex_staircase_pool_2,
          grunt_megastairs_5
Lair:5:   hangedman_lair_tendril_chambers, layout_hall_layers, wormcave,
          minmay_slime_entry_jelly_boxes, dpeg_oklob_1
Shoals:1: gammafunk_sealed_arena, layout_shoals
Shoals:2: layout_shoals, uniq_polyphemus
Shoals:3: layout_shoals, nicolae_shoals_aquamancer_cove, uniq_ilsuiw
Shoals:4: shoals_end_grunt_ice, layout_shoals, shoal_ilsuiw,
          portal_ice_cave_entry_ice_simulacra
Spider:1: layout_chambers, gammafunk_ghost_split, nicolae_spider_nook
Spider:2: layout_spider_delve, hellmonk_deceptive_appearances, uniq_agnes,
          uniq_nikola
Spider:3: layout_chambers, uniq_arachne
Spider:4: floodkiller_spider_rune_tomb, uniq_roxanne
Slime:1:  cheibrodos_slime_lost_civilization_1, layout_caves
Slime:2:  layout_caves
Slime:3:  layout_caves
Slime:4:  layout_caves
Slime:5
Vaults:1: v_pattern_3, nicolae_vaults_an_arrangement, v_misc_24,
          nicolae_vaults_mini_display_case,
          vaults_standard_mumra_enter_the_diamond, hangedman_vaults_capsules,
          ontoclasm_vaults_pinch, v_alt_pattern_5,
          nicolae_vaults_little_squares_4, v_misc_19, layout_vaults_omnigrid
Vaults:2: nicolae_vaults_display_case, minmay_crypt_entry_necro_gods,
          hangedman_vaults_stream, vaults_mumra_hex, v_misc_4,
          nicolae_vaults_little_squares_5, serial_ice_m,
          nicolae_vaults_network_star, v_misc_30, hangedman_vaults_pinch,
          vaults_mumra_lcd, nicolae_vaults_diagonal_hallway_6,
          layout_vaults_omnibox, serial_shops, shop
Vaults:3: dpeg_vaults_pockets_of_resistance, v_misc_30, vaults_room_semicircle,
          vaults_room_grid, vaults_standard_mumra_lines, v_misc_8,
          vaults_dpeg_hooks, layout_vaults_chaotic_city, serial_shops,
          nicolae_square_shop
Vaults:4: v_misc_11, hangedman_vaults_stitches, vaults_mumra_minichess,
          vaults_room_grid, v_misc_19, dpeg_vaults_monster_box,
          vaults_room_fancy_cross, hangedman_vaults_river_flow, st_spiral_rooms,
          hangedman_vaults_locks, layout_vaults_maze_snakey, serial_shops,
          nicolae_shop_bloodbath_and_beyond
Vaults:5: uniq_mennas
Crypt:1:  layout_chaotic_city
Crypt:2:  layout_basic, st_chilly_death
Crypt:3:  cryptofortress_bobbens
Tomb:1:   uniq_boris
Tomb:2
Tomb:3
Depths:1: layout_cave_shapes, minmay_holes, hell_entry, abyss_entry,
          kennysheep_generic_room_15, kennysheep_cross_landing
Depths:2: minmay_box_of_statues, layout_cave_pools, hell_entry,
          rand_demon_pan_entry_3, serial_bayou_crossing, minmay_shop_grove,
          infiniplex_staircase_pool_1, serial_bayou_shore_b, uniq_grunn
Depths:3: grunt_forest_end_winery, layout_cave_pools, enter_ziggurat_e,
          hell_entry, abyss_entry, minmay_misc_feat_enclosed,
          kennysheep_generic_room_6, minmay_staircase_windowed_large,
          serial_bayou_shore_b
Depths:4: grunt_zot_entry_pinwheel, layout_gridlike,
          nicolae_hell_entry_hellmouth_sunbeams, grunt_pan_entry_zigzag,
          elyvilon_altar_3, minmay_shop_star, uniq_margery
Hell
Dis:1:    layout_overlapping_boxes, door_vault
Dis:2:    layout_subdivisions, nrook_loot_triangle, nicolae_dis_emergency_hatch
Dis:3:    layout_overlapping_boxes
Dis:4:    layout_subdivisions
Dis:5:    layout_jigsaw, nicolae_dis_scattering
Dis:6:    layout_gridville
Dis:7:    dis_grunt_layers
Geh:1:    layout_gehenna_lava_caves
Geh:2:    layout_gehenna_pools_triple
Geh:3:    layout_gehenna_lava_caves
Geh:4:    layout_gehenna_pools_triple, nicolae_hells_seeping_fissure
Geh:6:    layout_gehenna_pools_triple
Geh:7:    evilmike_geh
Coc:1:    nooodl_cocytus_jagged_cave
Coc:2:    layout_ice_bergs
Coc:3:    layout_ice_bergs
Coc:4:    layout_ice_bergs
Coc:5:    layout_ice_bergs
Coc:6:    layout_cocytus_water_paths
Coc:7:    coc_dpeg
Tar:1:    layout_grid_maze, nicolae_tar_spectre_spectrum
Tar:2:    minmay_shadows, layout_grid_maze
Tar:3:    layout_cathedral_of_symmetry
Tar:4:    layout_cathedral_of_symmetry
Tar:5:    layout_grid_maze
Tar:6:    layout_catacombs
Tar:7:    tar_minmay_river
Zot:1:    layout_gridville, nicolae_diode_quadrants
Zot:2:    dreamdust_zin_vs_xom, layout_onion
Zot:3:    layout_cathedral_of_symmetry, uniq_vv
Zot:4:    layout_gridlike, grunt_ministairs_2, hangedman_player_shredder
Zot:5:    layout_misc_corridors, nicolae_diode_basic

Skill      XL: |  1  2  3  4  5  6  7  8  9 10 11 12 13 14 15 16 17 18 19 20 21 22 23 24 25 26 27 |
---------------+----------------------------------------------------------------------------------+-----
Earth Magic    | 4 5 6 10 23 | 23.0
Conjurations   | 1 2 4 5 |  5.0
Spellcasting   | 3 5 6 8 9 10 12 13 17 18 20 21 24 25 26 27 | 27.0
Transmutations | 2 3 5 7 12 14 | 14.0
Fighting       | 1 2 4 6 8 10 24 | 24.7
Unarmed Combat | 4 6 9 12 15 | 15.0
Invocations    | 8 9 10 11 12 14 | 14.3
Dodging        | 3 7 9 10 12 25 | 25.5
Evocations     | 3 5 7 |  7.0
Fire Magic     | 2 12 16 | 16.0
Shields        | 4 6 |  6.3
Necromancy     | 4 10 12 15 | 15.0
Translocations | 3 8 |  8.0
Ice Magic      | 22 | 22.0
Armour         | 8 |  8.8
Stealth        | |  1.4

Action                   |  1- 3 |  4- 6 |  7- 9 | 10-12 | 13-15 | 16-18 | 19-21 | 22-24 | 25-27 || total
-------------------------+-------+-------+-------+-------+-------+-------+-------+-------+-------++-------
Melee: Falchion          |       |       |     2 |       |       |       |       |       |       ||     2
       Unarmed           |       |       |       |   123 |   151 |   227 |    11 |    15 |       ||   527
       Tailslap          |       |       |       |    18 |    27 |    15 |       |       |       ||    60
       Bite              |       |       |       |    15 |    16 |    17 |       |       |       ||    48
       Punch             |       |       |       |     6 |     8 |    17 |       |       |       ||    31
Throw: Dart              |       |       |       |       |       |     1 |       |       |       ||     1
       Boomerang         |       |       |       |       |       |     1 |       |       |       ||     1
       Throwing net      |       |       |       |       |       |     1 |       |       |       ||     1
 Cast: Sandblast         |    36 |    13 |    43 |     7 |     3 |     6 |       |       |       ||   108
       Passwall          |    12 |       |     9 |     4 |     6 |    21 |       |       |    15 ||    67
       Stone Arrow       |     1 |     8 |    29 |    15 |    20 |    25 |     6 |       |       ||   104
       Irradiate         |       |       |     3 |     7 |    29 |    66 |    19 |     5 |     1 ||   130
       Dragon Form       |       |       |     1 |     8 |    14 |    12 |       |       |       ||    35
       Lee's Rapid Decon |       |       |       |       |     4 |    32 |     6 |       |       ||    42
       Statue Form       |       |       |       |       |       |    18 |    10 |     5 |     5 ||    38
       Ignition          |       |       |       |       |       |     2 |    24 |    12 |    73 ||   111
       Passage of Golubr |       |       |       |       |       |       |    16 |    18 |   586 ||   620
       Iron Shot         |       |       |       |       |       |       |     4 |     1 |    11 ||    16
       Infestation       |       |       |       |       |       |       |       |     4 |    20 ||    24
       Apportation       |       |       |       |       |       |       |       |    16 |    55 ||    71
       Borgnjor's Vile C |       |       |       |       |       |       |       |     3 |    33 ||    36
       Death Channel     |       |       |       |       |       |       |       |     2 |     8 ||    10
       Shatter           |       |       |       |       |       |       |       |       |   385 ||   385
       Polar Vortex      |       |       |       |       |       |       |       |       |    54 ||    54
       Necromutation     |       |       |       |       |       |       |       |       |    41 ||    41
       Simulacrum        |       |       |       |       |       |       |       |       |    12 ||    12
Invok: Slouch            |       |       |       |       |     6 |     9 |     6 |     6 |     9 ||    36
       Temporal Distorti |       |       |       |       |     2 |     8 |       |       |    11 ||    21
       Step From Time    |       |       |       |       |     1 |     4 |     1 |       |       ||     6
 Abil: Breathe Fire      |       |       |     1 |     8 |     6 |     8 |       |       |       ||    23
       Evoke Blink       |       |       |       |       |       |    11 |     7 |       |     1 ||    19
       End Transformatio |       |       |       |       |       |       |       |       |     3 ||     3
Evoke: Wand              |       |       |    12 |     4 |    12 |    10 |       |     3 |    10 ||    51
       Box of beasts     |       |       |       |       |       |     3 |       |     1 |       ||     4
       Phantom mirror    |       |       |       |       |       |     1 |       |     1 |     1 ||     3
       Phial of floods   |       |       |       |       |       |       |       |     1 |       ||     1
       Condenser vane    |       |       |       |       |       |       |       |       |     1 ||     1
  Use: Scroll            |       |     5 |     2 |     5 |     7 |    21 |    10 |     7 |    39 ||    96
       Potion            |       |     3 |     2 |     1 |     6 |    13 |     4 |     7 |     6 ||    42
 Stab: Invisible         |       |       |       |     2 |     3 |       |       |       |       ||     5
       Distracted        |       |       |       |       |     1 |     1 |       |       |       ||     2
Armor: Robe              |     3 |    24 |    15 |     2 |       |    40 |       |       |     4 ||    88
       Skin              |       |       |     2 |   121 |   200 |   479 |    62 |    65 |    43 ||   972
       Leather armour    |       |       |       |       |       |       |       |       |   331 ||   331
Dodge: Dodged            |     3 |    18 |    38 |    66 |   276 |  1204 |   136 |    88 |  1640 ||  3469
       Repelled          |       |       |       |       |       |     8 |    13 |     5 |    48 ||    74
Block: Buckler           |       |       |       |       |       |    66 |    51 |    53 |   870 ||  1040
       Reflection        |       |       |       |       |       |       |       |     3 |   117 ||   120
